SNL (28 & UNDER)
MONTGOMERY BISCUITS @ SALEM SILVER SOULS
06/08/2030
 
TOP OF THE 1ST
Montgomery Biscuits batting - Pitching for Salem Silver Souls : RHP Roberto Deleón
Pitching: RHP Roberto Deleón
Batting: LHB Ron Young 0-0: Fly out, F8 (Flyball, 89M)
Batting: LHB Amlak Saitoti 0-0: Ball
1-0: Ball
2-0: Foul Ball, location: 2F
2-1: Ball
3-1: Base on Balls
Batting: SHB Marvin López 0-0: Ball
1-0: Ball
2-0: Ball
3-0: Called Strike
3-1: Called Strike
3-2: Foul Ball, location: 2F
3-2: SINGLE (Groundball, 4D)
Amlak Saitoti to second
Amlak Saitoti to third
Batting: LHB Francisco Romo 0-0: Fly out, F4 (Line Drive, 4)
Lined into DP, 4-5 (Line Drive, 4)
Top of the 1st over - 0 runs, 1 hit, 0 errors, 1 left on base; Montgomery 0 - Salem 0
BOTTOM OF THE 1ST
Salem Silver Souls batting - Pitching for Montgomery Biscuits : RHP Keith Fitzgerald
Pitching: RHP Keith Fitzgerald
Batting: LHB Felipe Rivera 0-0: Ball
1-0: Swinging Strike
1-1: Called Strike
1-2: Ball
2-2: Strikes out swinging
Batting: RHB Steve Smith 0-0: Fly out, F6 (Line Drive, 6)
Batting: LHB Hamilton Hughes 0-0: Ball
1-0: Ground out 6-3 (Groundball, 6)
Bottom of the 1st over - 0 runs, 0 hits, 0 errors, 0 left on base; Montgomery 0 - Salem 0
TOP OF THE 2ND
Montgomery Biscuits batting - Pitching for Salem Silver Souls : RHP Roberto Deleón
Batting: SHB Lawrence Farley 0-0: Ball
1-0: Ball
2-0: Called Strike
2-1: Ball
3-1: Base on Balls
Batting: LHB José Castillo 0-0: Ball
1-0: Foul Ball, location: 2F
1-1: Called Strike
1-2: Strikes out looking
Batting: RHB Jorge Guzmán 0-0: Ball
1-0: Foul Ball, location: 2F
1-1: Foul Ball, location: 2F
1-2: Strikes out swinging
Batting: RHB Ben White 0-0: Called Strike
0-1: Ball
1-1: Foul Ball, location: 2F
1-2: Ground out 4-3 (Groundball, 4)
Top of the 2nd over - 0 runs, 0 hits, 0 errors, 1 left on base; Montgomery 0 - Salem 0
BOTTOM OF THE 2ND
Salem Silver Souls batting - Pitching for Montgomery Biscuits : RHP Keith Fitzgerald
Batting: SHB Dale Winters 0-0: Ball
1-0: Ball
2-0: Called Strike
2-1: Foul Ball, location: 2F
2-2: Strikes out swinging
Batting: RHB Gilberto León 0-0: Ball
1-0: Called Strike
1-1: Foul Ball, location: 2F
1-2: Fly out, F9 (Flyball, 9S)
Batting: SHB Alberto Sandoval 0-0: SINGLE (Groundball, 34S) (infield hit)
Batting: RHB Armando García 0-0: DOUBLE (Line Drive, 78XD)
Alberto Sandoval to third
Runner from 3rd tries for Home, SAFE, no throw
Batting: RHB Pedro Rivera 0-0: Called Strike
0-1: Called Strike
0-2: Strikes out looking
Bottom of the 2nd over - 1 run, 2 hits, 0 errors, 1 left on base; Montgomery 0 - Salem 1
TOP OF THE 3RD
Montgomery Biscuits batting - Pitching for Salem Silver Souls : RHP Roberto Deleón
Batting: RHB Roy Powell 0-0: Called Strike
0-1: Called Strike
0-2: Strikes out swinging
Batting: LHB Ron Young 0-0: Foul Ball, location: 2F
0-1: Swinging Strike
0-2: Ball
1-2: Foul Ball, location: 2F
1-2: Ball
2-2: Foul Ball, location: 2F
2-2: Fly out, F7 (Flyball, 7LS)
Batting: LHB Amlak Saitoti 0-0: Ball
1-0: Bunted foul
1-1: Called Strike
1-2: Foul Ball, location: 2F
1-2: Ball
2-2: Ball
3-2: Foul Ball, location: 2F
3-2: Ground out 3-1 (Groundball, 34)
Top of the 3rd over - 0 runs, 0 hits, 0 errors, 0 left on base; Montgomery 0 - Salem 1
BOTTOM OF THE 3RD
Salem Silver Souls batting - Pitching for Montgomery Biscuits : RHP Keith Fitzgerald
Batting: RHB Joe Brinkman 0-0: Ball
1-0: Ball
2-0: Bunt for hit - play at first, batter OUT! 2-3
Batting: LHB Felipe Rivera 0-0: Swinging Strike
0-1: Ball
1-1: Swinging Strike
1-2: Foul Ball, location: 2F
1-2: Ball
2-2: Ball
3-2: Foul Ball, location: 2F
3-2: Foul Ball, location: 2F
3-2: Strikes out swinging
Batting: RHB Steve Smith 0-0: Foul Ball, location: 2F
0-1: Called Strike
0-2: Ball
1-2: Foul Ball, location: 2F
1-2: Ball
2-2: Foul Ball, location: 2F
2-2: Strikes out looking
Bottom of the 3rd over - 0 runs, 0 hits, 0 errors, 0 left on base; Montgomery 0 - Salem 1
TOP OF THE 4TH
Montgomery Biscuits batting - Pitching for Salem Silver Souls : RHP Roberto Deleón
Batting: SHB Marvin López 0-0: Called Strike
0-1: Ball
1-1: Ball
2-1: Ball
3-1: Base on Balls
Batting: LHB Francisco Romo 0-0: Ball
1-0: Foul Ball, location: 2F
1-1: Ball
2-1: Called Strike
2-2: Strikes out swinging
Batting: SHB Lawrence Farley 0-0: Ball
1-0: SINGLE (Groundball, 4MD)
Marvin López to second
Batting: LHB José Castillo 0-0: Ball
1-0: TRIPLE (Line Drive, 9D)
Marvin López scores
Lawrence Farley scores
Batting: RHB Jorge Guzmán 0-0: Called Strike
0-1: Ball
1-1: Called Strike
1-2: Strikes out swinging
Batting: RHB Ben White 0-0: Ball
1-0: Ground out 6-3 (Groundball, 6)
Top of the 4th over - 2 runs, 2 hits, 0 errors, 1 left on base; Montgomery 2 - Salem 1
BOTTOM OF THE 4TH
Salem Silver Souls batting - Pitching for Montgomery Biscuits : RHP Keith Fitzgerald
Batting: LHB Hamilton Hughes 0-0: Called Strike
0-1: Ball
1-1: Swinging Strike
1-2: Strikes out swinging
Batting: SHB Dale Winters 0-0: Called Strike
0-1: Foul Ball, location: 2F
0-2: Fly out, F8 (Flyball, 8LM)
Batting: RHB Gilberto León 0-0: Called Strike
0-1: Hit by Pitch
Batting: SHB Alberto Sandoval 0-0: Ball
1-0: Ball
2-0: Called Strike
2-1: Called Strike
2-2: Ball
3-2: Base on Balls
Gilberto León to second
Batting: RHB Armando García 0-0: Fielders Choice at 2nd, 6-4 (Groundball, 6)
Bottom of the 4th over - 0 runs, 0 hits, 0 errors, 2 left on base; Montgomery 2 - Salem 1
TOP OF THE 5TH
Montgomery Biscuits batting - Pitching for Salem Silver Souls : RHP Roberto Deleón
Batting: RHB Roy Powell 0-0: Foul Ball, location: 2F
0-1: Ball
1-1: SINGLE (Groundball, 25) (infield hit)
Batting: LHB Ron Young 0-0: Called Strike
0-1: Fielders Choice at 2nd, 4-6 (Groundball, 4M)
Batting: LHB Amlak Saitoti 0-0: Called Strike
0-1: Ball
1-1: Ball
2-1: Fielders Choice at 2nd, 4-6 (Groundball, 4)
Batting: SHB Marvin López 0-0: Called Strike
Amlak Saitoti steals 2nd base
0-1: Ball
1-1: Foul Ball, location: 2F
1-2: Foul Ball, location: 2F
1-2: Ball
2-2: Ground out 6-3 (Groundball, 6)
Top of the 5th over - 0 runs, 1 hit, 0 errors, 1 left on base; Montgomery 2 - Salem 1
BOTTOM OF THE 5TH
Salem Silver Souls batting - Pitching for Montgomery Biscuits : RHP Keith Fitzgerald
Batting: RHB Pedro Rivera 0-0: Ball
1-0: SINGLE (Groundball, 6MD)
Batting: RHB Joe Brinkman 0-0: Called Strike
Pedro Rivera steals 2nd base
0-1: Foul Ball, location: 2F
0-2: Ball
1-2: Ball
2-2: Foul Ball, location: 2F
2-2: Strikes out swinging
Batting: LHB Felipe Rivera 0-0: Ball
1-0: Ball
2-0: Fly out, F9 (Line Drive, 9D)
Runner from 2nd tags up, SAFE at 3rd, no throw
Batting: RHB Steve Smith 0-0: Fly out, F4 (Popup, 34)
Bottom of the 5th over - 0 runs, 1 hit, 0 errors, 1 left on base; Montgomery 2 - Salem 1
TOP OF THE 6TH
Montgomery Biscuits batting - Pitching for Salem Silver Souls : RHP Roberto Deleón
Batting: LHB Francisco Romo 0-0: Ball
1-0: Foul Ball, location: 2F
1-1: Foul Ball, location: 2F
1-2: Strikes out swinging
Batting: SHB Lawrence Farley 0-0: Swinging Strike
0-1: Called Strike
0-2: Strikes out swinging wild pitch, reaches first!
Batting: LHB José Castillo 0-0: Called Strike
0-1: Ball
1-1: Swinging Strike
1-2: Fly out, F7 (Line Drive, 7)
Batting: RHB Jorge Guzmán 0-0: Called Strike
0-1: Ball
1-1: Called Strike
1-2: Ball
2-2: Ball
3-2: Base on Balls
Lawrence Farley to second
Batting: RHB Ben White 0-0: Called Strike
0-1: Ball
1-1: Foul Ball, location: 2F
1-2: Fly out, F8 (Flyball, 8LS)
Top of the 6th over - 0 runs, 0 hits, 0 errors, 2 left on base; Montgomery 2 - Salem 1
BOTTOM OF THE 6TH
Salem Silver Souls batting - Pitching for Montgomery Biscuits : RHP Keith Fitzgerald
Batting: LHB Hamilton Hughes 0-0: Called Strike
0-1: Ball
1-1: Swinging Strike
1-2: Foul Ball, location: 2F
1-2: Strikes out swinging
Batting: SHB Dale Winters 0-0: Swinging Strike
0-1: Ball
1-1: Swinging Strike
1-2: Strikes out looking
Batting: RHB Gilberto León 0-0: Ball
1-0: Ball
2-0: Ball
3-0: Called Strike
3-1: Base on Balls
Batting: SHB Alberto Sandoval 0-0: Foul Ball, location: 2F
0-1: Foul Ball, location: 2F
0-2: Strikes out swinging
Bottom of the 6th over - 0 runs, 0 hits, 0 errors, 1 left on base; Montgomery 2 - Salem 1
TOP OF THE 7TH
Montgomery Biscuits batting - Pitching for Salem Silver Souls : RHP Roberto Deleón
Pitching: LHP Lorenzo Guzmán
Batting: RHB Roy Powell 0-0: Swinging Strike
0-1: Ground out 5-3 (Groundball, 5S)
Batting: LHB Ron Young 0-0: Fly out, F8 (Flyball, 8RD)
Batting: LHB Amlak Saitoti 0-0: Ball
1-0: Ball
2-0: Ball
3-0: Called Strike
3-1: Base on Balls
Batting: SHB Marvin López 0-0: Ball
1-0: Ground out 1-3 (Groundball, 13S)
Top of the 7th over - 0 runs, 0 hits, 0 errors, 1 left on base; Montgomery 2 - Salem 1
BOTTOM OF THE 7TH
Salem Silver Souls batting - Pitching for Montgomery Biscuits : RHP Keith Fitzgerald
Now at 1B: Kenneth Cruz
Batting: RHB Armando García 0-0: Called Strike
0-1: Ball
1-1: Foul Ball, location: 2F
1-2: SINGLE (Flyball, 78S)
Pinch Hitting: LHB Howard Holder 0-0: Swinging Strike
0-1: Ball
1-1: Swinging Strike
1-2: Strikes out swinging
Batting: RHB Joe Brinkman 0-0: Ball
1-0: Ball
2-0: Swinging Strike
2-1: Foul Ball, location: 2F
2-2: Ground out 3-1 (Groundball, 34S)
Armando García to second
Batting: LHB Felipe Rivera 0-0: SINGLE (Groundball, 4S) (infield hit)
Armando García to third
Batting: RHB Steve Smith 0-0: Ball
1-0: Ball
2-0: Ball
3-0: SINGLE (Line Drive, 9S)
Armando García scores
Felipe Rivera to second
Batting: LHB Hamilton Hughes 0-0: Ball
1-0: Foul Ball, location: 2F
1-1: Ball
2-1: Foul Ball, location: 2F
2-2: Foul Ball, location: 2F
2-2: Ball
3-2: Base on Balls
Felipe Rivera to third
Steve Smith to second
Pitching: RHP Cody Nichols
Batting: SHB Dale Winters 0-0: Ball
1-0: Ball
2-0: Ball
3-0: Called Strike
3-1: Base on Balls
Felipe Rivera scores
Steve Smith to third
Hamilton Hughes to second
Batting: RHB Gilberto León 0-0: Ball
1-0: Called Strike
1-1: Fly out, F5 (Popup, 15S)
Bottom of the 7th over - 2 runs, 3 hits, 0 errors, 3 left on base; Montgomery 2 - Salem 3
TOP OF THE 8TH
Montgomery Biscuits batting - Pitching for Salem Silver Souls : LHP Lorenzo Guzmán
Now at SS: Elpidio Martinho
Now in CF: Jesús Sosa
Batting: LHB Francisco Romo 0-0: Called Strike
0-1: Foul Ball, location: 2F
0-2: Fly out, F9 (Flyball, 89M)
Batting: SHB Lawrence Farley 0-0: Ball
1-0: Foul Ball, location: 2F
1-1: Ball
2-1: Ground out 6-3 (Groundball, 6)
Batting: LHB José Castillo 0-0: Ball
1-0: Ball
2-0: Swinging Strike
2-1: Ground out 4-3 (Groundball, 4S)
Top of the 8th over - 0 runs, 0 hits, 0 errors, 0 left on base; Montgomery 2 - Salem 3
BOTTOM OF THE 8TH
Salem Silver Souls batting - Pitching for Montgomery Biscuits : RHP Cody Nichols
Batting: RHB Elpidio Martinho 0-0: Foul Ball, location: 2F
0-1: Ground out U3 (Groundball, 34S)
Batting: RHB Armando García 0-0: Foul Ball, location: 2F
0-1: Foul Ball, location: 2F
0-2: Strikes out looking
Batting: SHB Jesús Sosa 0-0: Ball
1-0: Foul Ball, location: 2F
1-1: Swinging Strike
1-2: Ground out 5-3 (Groundball, 56)
Bottom of the 8th over - 0 runs, 0 hits, 0 errors, 0 left on base; Montgomery 2 - Salem 3
TOP OF THE 9TH
Montgomery Biscuits batting - Pitching for Salem Silver Souls : LHP Lorenzo Guzmán
Pitching: RHP Bartolo Rivera
Pinch Hitting: LHB Gilbert Stegall 0-0: Ball
1-0: SINGLE (Groundball, 6D)
Batting: RHB Ben White 0-0: Called Strike
0-1: Ball
1-1: Ball
2-1: Foul Ball, location: 2F
2-2: Grounds into double play, 6-4-3 (Groundball, 6)
Batting: RHB Roy Powell 0-0: Ball
1-0: Ball
2-0: Ball
3-0: Called Strike
3-1: Base on Balls
Pinch Runner at 1st Alberto García:
Batting: LHB Ron Young 0-0: Called Strike
0-1: Foul Ball, location: 2F
0-2: Ball
1-2: Ball
2-2: Foul Ball, location: 2F
2-2: Ball
3-2: Base on Balls
Alberto García to second
Batting: LHB Amlak Saitoti 0-0: Foul Ball, location: 2F
0-1: Foul Ball, location: 2F
0-2: Ball
1-2: Strikes out looking
Top of the 9th over - 0 runs, 1 hit, 0 errors, 2 left on base; Montgomery 2 - Salem 3
Saturday, April 7th, 2018 - OOTP Baseball 18.8 Build 76